 Dungeon Sprint DCSS version 0.18.1-50-g88ac8fd (webtiles) character file.

725 Inkary the Carver (level 7, -4/109 HPs)
             Began as a Minotaur Berserker on Sept 21, 2016.
             Was a Priest of Trog.
             Slain by a hellwing (16 damage)
             ... summoned by a kobold demonologist
             ... in the Dungeon (Sprint I: "Red Sonja").
             The game lasted 00:01:49 (417 turns).

Inkary the Carver (Minotaur Berserker)               Turns: 417, Time: 00:01:50

Health: -4/109     AC: -3    Str: 30    XL:     7   Next: 43%
Magic:  6/6        EV: 11    Int:  4    God:    Trog [***...]
Gold:   173        SH:  0    Dex: 13    Spells: 0 memorised, 6 levels left

rFire  . . .     SeeInvis .     a - +0 falchion
rCold  . . .     Gourm    .     k - +0 chain mail
rNeg   . . .     Faith    .     (no shield)
rPois  .         Spirit   .     (helmet restricted)
rElec  .         Dismiss  .     (no cloak)
rCorr  .         Reflect  .     j - +0 pair of gloves
SustAt .         Harm     .     (no boots)
MR     ++...     NoTele   +     (no amulet)
Stlth  ..........               l - +2 ring of strength
                                b - +3 ring of dexterity

@: berserking, corroded, regenerating, very quick, very resistant to hostile
enchantments, extremely unstealthy
A: retaliatory headbutt, horns 2
a: Berserk, Trog's Hand, Burn Spellbooks, Renounce Religion


You were in the Dungeon.
You worshipped Trog.
Trog was most pleased with you.
You were not hungry.

You visited 1 branch You collected 405 gold pieces.
You spent 232 gold pieces at shops.

Inventory:

Hand Weapons
 a - a +0 falchion (weapon)
Armour
 j - a +0 pair of gloves (worn)
 k - a +0 chain mail (worn)
Jewellery
 b - a +3 ring of dexterity (left hand)
 l - a +2 ring of strength (right hand)
Scrolls
 i - a scroll of blinking
Potions
 d - a potion of curing
 e - a potion of heal wounds
 f - a potion of haste
 g - 2 potions of magic
 h - a potion of berserk rage
Comestibles
 c - a bread ration


   Skills:
 * Level 10.7 Fighting
 + Level 12.8 Long Blades
 + Level 9.7 Armour
 * Level 5.3 Dodging


You had 6 spell levels left.
You didn't know any spells.

Dungeon Overview and Level Annotations

Branches:
Dungeon (1/1)

Altars:
Cheibriados
Dithmenos
Elyvilon
Fedhas
Gozag
Kikubaaqudgha
Makhleb
Nemelex Xobeh
Okawaru
Pakellas
Qazlal
Ru
Sif Muna
Trog
Vehumet
Xom
Yredelemnul
Zin
The Shining One
Jiyva

Shops:
D =


Innate Abilities, Weirdness & Mutations

You reflexively headbutt those who attack you in melee.
You have a pair of horns on your head.


Message History

You feel yourself moving faster!
You feel mighty!
You feel somewhat more hungry.
The kobold demonologist mumbles some strange words.
The rust devil misses you. You furiously retaliate!
You headbutt the rust devil! The hellwing hits you!
* * * LOW HITPOINT WARNING * * *
The hellwing hits you.
* * * LOW HITPOINT WARNING * * *
You closely miss the kobold demonologist.
Your headbutt misses the kobold demonologist.
Unknown command.
Your chain mail prevents you from hitting the kobold demonologist.
Your headbutt misses the kobold demonologist.
The kobold demonologist casts a spell.
The kobold demonologist hits you with a dagger.
* * * LOW HITPOINT WARNING * * *
The rust devil hits you!
* * * LOW HITPOINT WARNING * * *
The rust devil corrodes you! The hellwing hits you!
You die...

######################
..)..#.)'..#__#4@KK.4#
..#..'..#..'..'.4#...#
####'#####'#__#### 3.+
###..#...#[#### ##
__####..##.#
_.___##'#..+
_.∩...'..._#
_..._##_.#+#
_____###+#


You could see a sun demon, a hellwing, an ice devil, a rust devil and 2 kobold
demonologists.

Vanquished Creatures
  A slime creature (D)
  Sigmund (D)
  A yak (D)
  A giant eyeball (D)
  An ogre (D)
  A jelly (D)
  Ijyb (D)
7 creatures vanquished.

Notes
Turn   | Place    | Note
--------------------------------------------------------------
     0 | D        | Inkary the Minotaur Berserker began the quest for the Orb.
     0 | D        | Reached XP level 1. HP: 19/19 MP: 0/0
     2 | D        | Noticed Ijyb
    13 | D        | Killed Ijyb
    13 | D        | Reached skill level 5 in Fighting
    13 | D        | Reached skill level 6 in Long Blades
    13 | D        | Reached XP level 2. HP: 10/29 MP: 1/1
   157 | D        | Noticed an ogre
   160 | D        | Killed an ogre
   160 | D        | Reached ** piety under Trog
   160 | D        | Reached skill level 8 in Long Blades
   160 | D        | Reached XP level 3. HP: 38/38 MP: 2/2
   160 | D        | Reached XP level 4. HP: 45/45 MP: 3/3
   189 | D        | Noticed Sigmund
   203 | D        | Killed Sigmund
   203 | D        | Reached skill level 11 in Long Blades
   203 | D        | Reached XP level 5. HP: 32/53 MP: 4/4
   203 | D        | Reached XP level 6. HP: 37/61 MP: 5/5
   219 | D        | Found a deep blue altar of Sif Muna.
   221 | D        | Found a radiant altar of Vehumet.
   266 | D        | Found Joaptith's Jewellery Emporium.
   266 | D        | Found a white marble altar of Elyvilon.
   266 | D        | Found a stormy altar of Qazlal.
   266 | D        | Found a burning altar of Makhleb.
   266 | D        | Found a sacrificial altar of Ru.
   266 | D        | Found an oddly glowing altar of Pakellas.
   266 | D        | Found a basalt altar of Yredelemnul.
   266 | D        | Found a glowing golden altar of the Shining One.
   266 | D        | Found a sparkling altar of Nemelex Xobeh.
   266 | D        | Found a shimmering altar of Xom.
   266 | D        | Found an opulent altar of Gozag.
   266 | D        | Found an ancient bone altar of Kikubaaqudgha.
   266 | D        | Found a glowing silver altar of Zin.
   266 | D        | Noticed a yak
   270 | D        | Killed a yak
   270 | D        | Reached skill level 12 in Long Blades
   271 | D        | Found an iron altar of Okawaru.
   272 | D        | Found a bloodstained altar of Trog.
   276 | D        | Bought a +3 ring of dexterity for 157 gold pieces
   276 | D        | Bought a +2 ring of strength for 75 gold pieces
   383 | D        | Found a snail-covered altar of Cheibriados.
   383 | D        | Found a viscous altar of Jiyva.
   383 | D        | Found a shadowy altar of Dithmenos.
   383 | D        | Found a blossoming altar of Fedhas.
   383 | D        | Noticed a slime creature
   392 | D        | Killed a slime creature
   392 | D        | Reached *** piety under Trog
   392 | D        | Reached skill level 10 in Fighting
   392 | D        | Reached XP level 7. HP: 70/73 MP: 6/6
   406 | D        | Noticed a kobold demonologist
   407 | D        | Noticed a kobold demonologist
   408 | D        | Paralysed by a giant eyeball for 4 turns
   409 | D        | Noticed a hellwing
   410 | D        | Noticed a rust devil
   413 | D        | Reached skill level 5 in Dodging
   416 | D        | Noticed a sun demon
   417 | D        | Slain by a hellwing

Skill      XL: |  1  2  3  4  5  6  7 |
---------------+----------------------+-----
Fighting       | 5 6 8 10 | 10.7
Long Blades    | 6 8 11 12 | 12.8
Armour         | 4 6 7 9 |  9.7
Dodging        | 4 5 |  5.3

Action                   |  1- 3 |  4- 6 |  7- 9 || total
-------------------------+-------+-------+-------++-------
Melee: Falchion          |    12 |    25 |     5 ||    42
       Headbutt          |     1 |     7 |     2 ||    10
Invok: Berserk           |     1 |       |     1 ||     2
       Trog's Hand       |       |     2 |     1 ||     3
Armor: Animal skin       |     2 |     1 |       ||     3
       Chain mail        |       |     2 |     1 ||     3
Dodge: Dodged            |     2 |     8 |     3 ||    13
